 Dungeon Crawl Stone Soup version 0.28.0-53-g5a82cb258f (webtiles) character file.

Game seed: 5896855002224168793

19093 Peloso the Carver (level 12, -1/95 (110) HPs)
             Began as a Minotaur Fighter on July 27, 2022.
             Was a High Priest of Okawaru.
             Slain by a sun demon (14 damage)
             ... summoned by an orc sorcerer
             ... on level 1 of the Orcish Mines.
             The game lasted 00:28:12 (15567 turns).

Peloso the Carver (Minotaur Fighter)               Turns: 15567, Time: 00:28:12

HP:   -1/95 (110)   AC: 19    Str: 23    XL:     12   Next: 33%
MP:   13/13         EV:  9    Int:  5    God:    Okawaru [*****.]
Gold: 949           SH: 13    Dex: 13    Spells: 11/11 levels left

rFire   . . .      SeeInvis .   b - +7 scimitar of the Devouring Seer {freeze, +Blink rElec}
rCold   . . .      Faith    .   c - +2 kite shield
rNeg    . . .      Spirit   .   g - +2 chain mail {rPois}
rPois   +          Reflect  .   v - +1 hat
rElec   +          Harm     .   H - +0 cloak
rCorr   .          Rampage  .   (no gloves)
Will    .....                   o - +1 pair of boots {Fly}
Stlth   ..........              (no amulet)
HPRegen 0.25/turn               (no ring)
MPRegen 0.13/turn               (no ring)

@: flying, heavily drained
A: horns 2, retaliatory headbutt
a: Renounce Religion, Evoke Blink, Heroism, Finesse, Duel


You were on level 1 of the Orcish Mines.
You worshipped Okawaru.
Okawaru was extremely pleased with you.
You visited 2 branches of the dungeon, and saw 12 of its levels.
You also visited: Ossuary and Volcano.

You collected 949 gold pieces.

Inventory:

Hand Weapons
 a - a +2 demon blade of electrocution
 b - the +7 scimitar of the Devouring Seer (weapon) {freeze, +Blink rElec}
   (Okawaru gifted it to you on level 11 of the Dungeon)

   It freezes those it strikes, dealing additional cold damage.
   It can also slow down cold-blooded creatures.
   rElec:     It insulates you from electricity.
   +Blink:    It lets you blink.
 G - a +1 broad axe of flaming
Missiles
 E - 3 throwing nets (quivered)
Armour
 c - a +2 kite shield (worn)
 g - a +2 chain mail of poison resistance (worn)
 o - a +1 pair of boots of flying (worn)
 v - a +1 hat (worn)
 F - a +2 scale mail of fire resistance
 H - a +0 cloak (worn)
Jewellery
 k - a +6 ring of intelligence
 C - a ring of see invisible
Wands
 s - a wand of iceblast (4)
 y - a wand of digging (4)
 I - a wand of acid (5)
Scrolls
 h - a scroll of amnesia
 m - 3 scrolls of immolation
 p - 3 scrolls of fog
 q - 2 scrolls of magic mapping
 r - 2 scrolls of enchant weapon
 t - 2 scrolls of vulnerability {unknown}
 u - a scroll of fear {unknown}
 w - 3 scrolls of blinking
 z - 5 scrolls of teleportation
 A - 2 scrolls of holy word {unknown}
 B - a scroll of enchant armour {unknown}
Potions
 d - 3 potions of might
 e - 5 potions of curing
 f - 2 potions of flight
 i - 3 potions of haste
 j - 2 potions of brilliance
 l - 3 potions of ambrosia
 n - 3 potions of heal wounds
 x - a potion of invisibility
 J - a potion of experience {unknown}
Miscellaneous
 D - a lightning rod (4/4)


   Skills:
 + Level 11.1 Fighting
 + Level 14.8 Long Blades
 + Level 12.2 Armour
 + Level 4.0 Dodging
 + Level 2.5 Stealth
 + Level 10.0 Shields
 + Level 3.0 Invocations
 + Level 1.8 Evocations


You had 11 spell levels left.
You didn't know any spells.
Your spell library contained the following spells:

 Spells                   Type           Power      Damage    Failure   Level
 Beastly Appendage        Tmut           0%         N/A       99%         1
 Freeze                   Ice            0%         1d3       99%         1
 Magic Dart               Conj           0%         1d3       99%         1
 Shock                    Conj/Air       0%         1d3       99%         1
 Wereblood                Tmut           0%         N/A       100%        2
 Frozen Ramparts          Ice            0%         1d2       100%        3
 Mephitic Cloud           Conj/Pois/Air  0%         N/A       100%        3
 Spider Form              Tmut/Pois      0%         N/A       100%        3
 Swiftness                Air            0%         N/A       100%        3
 Airstrike                Air            0%         N/A       100%        4
 Hailstorm                Conj/Ice       0%         3d3       100%        4
 Call Imp                 Summ           Unusable   N/A       N/A         2
 Summon Ice Beast         Ice/Summ       Unusable   N/A       N/A         4
 Summon Mana Viper        Hex/Summ       Unusable   N/A       N/A         5
 Monstrous Menagerie      Summ           Unusable   N/A       N/A         7

Dungeon Overview and Level Annotations

Branches:
Dungeon (11/15)            Temple (0/1) D:6            Lair (0/6) D:9
    Orc (1/2) D:10        Ossuary (visited)         Volcano (visited)

Altars:
Dithmenos
Elyvilon
Gozag
Hepliaklqana
Okawaru
Ru
Xom
Zin
Jiyva

Shops:
D:10 ([   Orc:1 (

Annotations:
D:4 1 runed translucent door, Crazy Yiuf
D:6 1 runed translucent door, kwasso's ghost, novice FoFi
D:8 3 runed translucent doors, Lemuel's ghost, novice MiFi


Innate Abilities, Weirdness & Mutations

You have a pair of horns on your head.
You reflexively headbutt those who attack you in melee.


Message History

Things that are here:
a +0 mace; a +0 leather armour You hit the sun demon.
You freeze the sun demon.
The sun demon is lightly wounded.
The orc sorcerer hits you but does no damage.
You block the orc warrior's attack.
You hit the orc sorcerer. You freeze the orc sorcerer.
You headbutt the orc sorcerer, but do no damage.
The orc sorcerer is moderately wounded.
The sun demon hits you but does no damage.
The orc sorcerer points at you and mumbles some strange words.
The bolt of negative energy hits you!
You feel drained.
The orc wizard hits you but does no damage.
You barely miss the orc sorcerer.
The orc sorcerer is moderately wounded.
The orc warrior hits you with a +0 long sword.
You block the sun demon's attack.
The orc sorcerer hits you but does no damage.
The orc wizard hits you but does no damage.
Unknown command.
You closely miss the orc sorcerer. Your headbutt misses the orc sorcerer.
The orc sorcerer is moderately wounded.
The orc warrior hits you but does no damage.
You block the sun demon's attack. The orc sorcerer casts a spell at you.
The bolt of negative energy hits you!!!
You feel drained.
* * * LOW HITPOINT WARNING * * *
You slash the orc sorcerer! You freeze the orc sorcerer.
Your headbutt misses the orc sorcerer.
The orc sorcerer is severely wounded.
The orc wizard casts a spell.
The orc wizard flickers and vanishes!
Deactivating autopickup; reactivate with Ctrl-A.
You block the orc warrior's attack. You block the sun demon's attack.
You feel much better. The orc sorcerer closely misses you.
You furiously retaliate!
You headbutt the orc sorcerer. You block something's attack.
The sun demon hits you!
* * * LOW HITPOINT WARNING * * *
You are engulfed in flames!
You die...

,,******* #...#*,...###
,,*,,**,** ##*##...####....###
,,,,,,,,,* ##.##..))##.#.....#.
,,,,,**,** #....#.)##..........
,,,,,,,,,** ##......)##.........
,,,,,,,,,,*###.........##.......#
,,,,,,,,,..#....#.....##.#.......
,,,,,,,*,......o#.......<.......#
,,,,,,,,,......3@)....∩...)......
,,,,,,,,,......{o.#..............
,,,,,,,,,............#..>...[....
,,,,,,,,,.....##.##...#..........
,,,,,,,,,.....*###.......[.)#....
,,,,>,,,,....***#...^....))).....
,,,,,,,,,#.#** #..........).....$
,,,,,,,,*##* ##................
,,,,,,,,** ##....#.#........


You could see a sun demon (summoned), an orc sorcerer and an orc warrior.

Vanquished Creatures
  An orc warlord (Orc:1)
  A red draconian (Volcano)
  Harold (D:9)
  A centaur warrior (Volcano)
  A boulder beetle (D:11)
  2 two-headed ogres
  An ugly thing (D:10)
  A manticore (D:11)
  A molten gargoyle (Volcano)
  2 gargoyles
  A freezing wraith (D:11)
  2 yaktaurs (Volcano)
  5 trolls
  Grinder (D:5)
  Prince Ribbit (D:8)
  6 slime creatures
  9 yaks
  Sigmund (D:2)
  2 wraiths
  3 wyverns
  2 fire bats (Volcano)
  Grum (D:11)
  4 water moccasins
  13 orc warriors
  A sky beast (D:8)
  2 ice beasts
  2 black bears (D:6)
  4 ogres
  6 wolves
  2 necrophages (D:6)
  7 centaurs
  4 phantoms
  A kobold brigand (D:7)
  2 bullfrogs (D:6)
  A gnoll sergeant (D:9)
  2 elf zombies (Ossuary)
  A wyvern zombie (D:7)
  15 killer bees
  4 wights
  2 electric eels (D:9)
  8 lava snakes (Volcano)
  A bullfrog zombie (D:5)
  6 centaur zombies
  5 orc priests
  A human zombie (Ossuary)
  2 centaur skeletons
  A gnoll shaman (D:8)
  8 hounds
  Terence (D:3)
  An iguana (D:5)
  8 orc wizards
  A killer bee zombie (D:6)
  3 hound zombies (Ossuary)
  3 mummies (Ossuary)
  Robin (D:2)
  9 gnolls
  5 adders
  3 adder zombies (Ossuary)
  3 dart slugs
  43 orcs
  8 endoplasms
  4 giant cockroaches
  3 gnoll zombies (Ossuary)
  23 goblins
  7 hobgoblins
  2 jackals (D:2)
  10 kobolds
  3 quokkas
  7 ball pythons
  7 bats
  7 frilled lizards
  A goblin zombie (Ossuary)
  3 hobgoblin zombies (Ossuary)
  5 jackal zombies (Ossuary)
  2 kobold zombies (Ossuary)
  An orc zombie (Ossuary)
  6 quokka zombies (Ossuary)
  4 rats
  4 rat zombies (Ossuary)
339 creatures vanquished.

Vanquished Creatures (others)
  9 fungi (D:10)
  5 toadstools (D:10)
14 creatures vanquished.

Grand Total: 353 creatures vanquished

Notes
Turn   | Place    | Note
-------+----------+-------------------------------------------
     0 | D:1      | Peloso the Minotaur Fighter began the quest for the Orb.
     0 | D:1      | Reached XP level 1. HP: 19/19 MP: 0/0
   173 | D:1      | Reached XP level 2. HP: 26/27 MP: 1/1
  1052 | D:2      | Reached XP level 3. HP: 25/33 MP: 2/2
  1330 | D:2      | Noticed Sigmund
  1358 | D:3      | Noticed Terence
  1365 | D:3      | Killed Terence
  1366 | D:3      | Reached skill level 3 in Long Blades
  1528 | D:3      | Reached XP level 4. HP: 40/40 MP: 3/3
  1556 | D:3      | Found a sacrificial altar of Ru.
  1581 | D:3      | Found a faded altar of an unknown god.
  1831 | D:3      | Reached skill level 4 in Long Blades
  2544 | D:4      | Found a runed translucent door.
  2545 | D:4      | Noticed Crazy Yiuf
  2567 | D:4      | Found an iron altar of Okawaru.
  2578 | D:4      | Found an opulent altar of Gozag.
  2584 | D:4      | Became a worshipper of Warmaster Okawaru
  2798 | D:4      | Reached XP level 5. HP: 45/46 MP: 4/4
  2809 | D:4      | Found a white marble altar of Elyvilon.
  2842 | D:4      | Noticed an ogre
  2854 | D:5      | Entered Level 5 of the Dungeon
  2894 | D:5      | Noticed a water moccasin
  2904 | D:5      | Killed a water moccasin
  2905 | D:5      | Reached skill level 5 in Long Blades
  2905 | D:5      | Reached skill level 5 in Armour
  2905 | D:5      | Reached skill level 1 in Dodging
  2905 | D:5      | Reached XP level 6. HP: 28/53 MP: 5/5
  2971 | D:5      | Reached * piety under Okawaru
  3083 | D:5      | Reached skill level 6 in Long Blades
  3106 | D:5      | Found a sand-covered staircase.
  3111 | Ossuary  | Entered an ossuary
  3236 | Ossuary  | Reached skill level 5 in Shields
  3286 | Ossuary  | Reached XP level 7. HP: 56/60 MP: 6/6
  3463 | Ossuary  | Reached skill level 7 in Long Blades
  3527 | Ossuary  | Reached skill level 5 in Fighting
  3938 | D:6      | Noticed Grinder
  3947 | D:5      | Killed Grinder
  3947 | D:5      | Reached ** piety under Okawaru
  3948 | D:5      | Reached skill level 8 in Long Blades
  3974 | D:6      | Found a staircase to the Ecumenical Temple.
  3991 | D:6      | Reached XP level 8. HP: 69/69 MP: 7/7
  4052 | D:6      | Noticed kwasso's ghost (novice FoFi)
  4102 | D:6      | Reached skill level 9 in Long Blades
  4325 | D:6      | Found a runed translucent door.
  4371 | D:6      | Found a glowing silver altar of Zin.
  4383 | D:6      | Found a shadowy altar of Dithmenos.
  4404 | D:6      | Reached *** piety under Okawaru
  4411 | D:6      | Reached skill level 10 in Long Blades
  4711 | D:6      | Found a shimmering altar of Xom.
  5119 | D:6      | Reached XP level 9. HP: 78/78 MP: 8/8
  5226 | D:2      | Killed Sigmund
  5246 | D:2      | Noticed Robin
  5256 | D:2      | Killed Robin
  6222 | D:7      | Found a hazy altar of Hepliaklqana.
  6623 | D:7      | Noticed a troll
  6629 | D:7      | Killed a troll
  6630 | D:7      | Reached skill level 11 in Long Blades
  7963 | D:8      | Noticed Prince Ribbit
  7970 | D:8      | Killed Prince Ribbit
  7983 | D:8      | Reached **** piety under Okawaru
  7988 | D:8      | Reached skill level 1 in Stealth
  8316 | D:8      | Found a runed translucent gate.
  8316 | D:8      | Found a runed translucent gate.
  8316 | D:8      | Found a runed translucent gate.
  8317 | D:8      | Noticed Lemuel's ghost (novice MiFi)
  8531 | D:8      | Reached XP level 10. HP: 46/86 MP: 6/9
  8744 | D:8      | Reached skill level 12 in Long Blades
  8849 | D:8      | Found a viscous altar of Jiyva.
  8916 | D:9      | Noticed a two-headed ogre
  8933 | D:9      | Killed a two-headed ogre
  9689 | D:8      | Reached skill level 1 in Invocations
  9792 | D:9      | Reached ***** piety under Okawaru
 10093 | D:9      | Noticed Harold
 10106 | D:9      | Received a gift from Okawaru
 10122 | D:9      | Killed Harold
 10123 | D:9      | Reached skill level 13 in Long Blades
 10123 | D:9      | Reached skill level 10 in Armour
 10143 | D:9      | Reached skill level 1 in Evocations
 10323 | D:9      | Found a staircase to the Lair.
 10669 | D:10     | Entered Level 10 of the Dungeon
 10769 | D:9      | Reached XP level 11. HP: 23/95 MP: 9/11
 11259 | D:10     | Noticed a cyan ugly thing
 11281 | D:10     | Received a gift from Okawaru
 11314 | D:10     | Killed a cyan ugly thing
 11732 | D:10     | Found Sesuh's Armour Emporium.
 11732 | D:10     | Found a staircase to the Orcish Mines.
 11751 | D:10     | Found Pejox's Weapon Emporium.
 12610 | D:10     | Noticed a two-headed ogre
 12621 | D:10     | Killed a two-headed ogre
 12622 | D:10     | Reached skill level 14 in Long Blades
 13087 | D:11     | Noticed Grum
 13094 | D:11     | Reached skill level 10 in Fighting
 13101 | D:11     | Killed Grum
 13106 | D:11     | Identified the +7 scimitar of the Devouring Seer {freeze,
                  | +Blink rElec} (Okawaru gifted it to you on level 11 of the
                  | Dungeon)
 13106 | D:11     | Received a gift from Okawaru
 13178 | D:11     | Noticed a boulder beetle
 13188 | D:11     | Killed a boulder beetle
 13753 | Orc:1    | Entered Level 1 of the Orcish Mines
 13753 | Orc:1    | Found Ynisauly's Weapon Emporium.
 13790 | Orc:1    | Noticed an orc warlord
 13804 | Orc:1    | Killed an orc warlord
 13816 | Orc:1    | Found a dark tunnel.
 13838 | Orc:1    | Reached XP level 12. HP: 31/107 MP: 10/13
 14015 | Volcano  | Entered a volcano
 14773 | Volcano  | Found a bloodstained altar of Trog.
 14773 | Volcano  | Noticed a centaur warrior
 14793 | Volcano  | Killed a centaur warrior
 14793 | Volcano  | Received a gift from Okawaru
 15145 | Volcano  | Noticed a red draconian
 15149 | Volcano  | Killed a red draconian
 15452 | Orc:1    | Reached skill level 10 in Shields
 15565 | Orc:1    | HP: 4/95 [orc sorcerer/bolt of negative energy (43)]
 15567 | Orc:1    | Slain by a sun demon

Illustrated notes

Levels and vault maps discovered:
D:1:      noname_arrival_rooms_in_the_neighbourhood, layout_basic,
          hangedman_decor_push, roderic_lattice_a,
          minmay_misc_feat_secret_circle
D:2:      layout_basic, st_stairs_10, uniq_robin, uniq_sigmund
D:3:      layout_basic, mainiacjoe_overflow_concentric_impassable,
          chequers_ecumenical_altar_island, uniq_terence
D:4:      layout_basic, kennysheep_ying_yang,
          nicolae_gozag_cash_rules_everything_around_me,
          okawaru_metal_pillars_1_2, uniq_crazy_yiuf_cottage
D:5:      layout_basic, enter_ossuary_5, minivault_25
D:6:      layout_loops_cross, xom_butterflies,
          mainiacjoe_overflow_catwalk_spiral, temple_fountains,
          hellmonk_ghost_happy_afterlife, minmay_ogre_servants, uniq_grinder
D:7:      layout_layer_cave, pf_just_have_faith, minmay_unpleasant_kobolds
D:8:      layout_loops_ring, gammafunk_ghost_ooze, uniq_prince_ribbit1
D:9:      layout_loops_ring, erik_lair_island, uniq_harold
D:10:     layout_cave_pods, orc_david_3, minmay_gold_behind_fungi, minivault_26,
          chequers_decorated_corner, lightli_fourway_metalbox
D:11:     layout_basic, uniq_grum
Orc:1:    cheibrodos_orc_guarddog, layout_caves,
          nicolae_volcano_entry_lava_flow, serial_shops, shop,
          nicolae_shop_crystal, nicolae_shop_stone

Skill      XL: |  1  2  3  4  5  6  7  8  9 10 11 12 |
---------------+-------------------------------------+-----
Armour         | 4 5 6 8 10 11 12 | 12.2
Shields        | 4 5 6 7 8 9 10 | 10.0
Fighting       | 4 5 6 7 8 10 11 | 11.1
Long Blades    | 3 4 5 6 8 10 11 13 14 | 14.8
Dodging        | 1 2 3 4 |  4.0
Stealth        | 1 2 |  2.5
Invocations    | 1 2 3 |  3.0
Evocations     | 1 |  1.8

Action                   |  1- 3 |  4- 6 |  7- 9 | 10-12 || total
-------------------------+-------+-------+-------+-------++-------
Melee: Long sword        |    67 |   158 |   336 |   205 ||   766
       Headbutt          |     8 |    32 |    65 |    88 ||   193
       Demon blade       |       |       |       |   142 ||   142
       Scimitar          |       |       |       |   113 ||   113
Invok: Heroism           |       |       |     3 |    19 ||    22
Evoke: Wand              |       |       |       |     9 ||     9
  Use: Scroll            |     4 |     3 |     5 |     6 ||    18
       Potion            |       |       |       |     3 ||     3
 Stab: Sleeping          |       |       |       |     2 ||     2
Armor: Scale mail        |    19 |       |       |    15 ||    34
       Chain mail        |     6 |   115 |   180 |   133 ||   434
Dodge: Dodged            |    42 |    52 |   111 |   171 ||   376
Block: Buckler           |    18 |    59 |    78 |    98 ||   253
       Kite shield       |       |       |       |    83 ||    83
